[ AOE2 MATCH · #506273822 ]
UnrankedKoreans vs Malians
Player's team · WIN
Rival team · LOSS
[ REPLAY ANALYSIS · EXTRACTED FROM THE RECORDED GAME ]
Feudal
9:55
Castle
26:33
Imperial
—
| APM avg | 58.7 |
| APM peak | 100 |
| eAPM avg | 25.8 |
| Villagers / military | 49 / 10 |
Focus
⚔️ 40.8% · 🌾 59.2%
Archer ×5 · Militia ×5
Feudal
8:45
Castle
24:44
Imperial
—
| APM avg | 64.5 |
| APM peak | 107 |
| eAPM avg | 31.8 |
| Villagers / military | 56 / 25 |
Focus
⚔️ 32.8% · 🌾 67.2%
Skirmisher ×8 · Archer ×7 · Gbeto ×4 · Militia ×4 · Battering Ram ×2
Match map
Initial resources + every placement click. Lines = walls · curves = elevation contours. ◆ gold · ⬟ stone · ● berries · ✦ relic · ◌ wall gap
Your base· Open — unwalled flank
maxwell's demon's base· Open — 4t gap
Smoothed initial terrain · ◌ = detected wall gap · hover for details
Inputs per minute
— Telo Bombeo - - maxwell's demon
Build order — Telo Bombeo
139 actions detected in the replay
| 0:00 | Queue | Villager (Male) |
| 0:01 | Queue | Villager (Male) |
| 0:01 | Queue | Villager (Male) |
| 0:04 | Build | House |
| 0:05 | Build | House |
| 0:28 | Queue | Villager (Male) |
| 1:24 | Queue | Villager (Male) |
| 1:53 | Build | Lumber Camp |
| 2:01 | Queue | Villager (Male) |
| 2:01 | Queue | Villager (Male) |
| 2:19 | Queue | Villager (Male) |
| 2:19 | Queue | Villager (Male) |
| 2:50 | Queue | Villager (Male) |
| 2:50 | Queue | Villager (Male) |
| 2:59 | Build | House |
| 3:06 | Queue | Villager (Male) |
| 3:06 | Queue | Villager (Male) |
| 3:42 | Queue | Villager (Male) |
| 4:05 | Queue | Villager (Male) |
| 4:16 | Build | Mill |
| 4:34 | Queue | Villager (Male) |
| 4:34 | Queue | Villager (Male) |
| 4:56 | Queue | Villager (Male) |
| 5:21 | Build | House |
| 5:27 | Queue | Villager (Male) |
| 5:27 | Queue | Villager (Male) |
| 5:53 | Queue | Villager (Male) |
| 5:53 | Queue | Villager (Male) |
| 6:27 | Queue | Villager (Male) |
| 6:48 | Build | Barracks |
| 7:00 | Research | Loom |
| 7:45 | Research | Feudal Age |
| 8:01 | Build | Mining Camp |
| 8:36 | Queue | Militia |
| 8:36 | Queue | Militia |
| 8:37 | Queue | Militia |
| 8:40 | Build | House |
| 8:46 | Build | Mining Camp |
| 9:00 | Queue | Militia |
| 9:28 | Queue | Militia |
| 9:55 | Age | Feudal Age |
| 9:59 | Research | Man-at-Arms (upgrade) |
| 10:00 | Research | Man-at-Arms (upgrade) |
| 10:15 | Build | Watch Tower |
| 10:25 | Queue | Villager (Male) |
| 10:32 | Build | House |
| 10:42 | Queue | Villager (Male) |
| 10:43 | Build | Archery Range |
| 11:27 | Queue | Villager (Male) |
| 11:50 | Build | Mining Camp |
| 11:54 | Queue | Archer |
| 12:00 | Queue | Archer |
| 12:10 | Queue | Villager (Male) |
| 12:45 | Queue | Archer |
| 12:54 | Build | Mill |
| 14:10 | Build | Farm |
| 14:22 | Build | Palisade Wall |
| 14:24 | Queue | Villager (Male) |
| 14:29 | Build | Farm |
| 14:36 | Build | Farm |
| 14:40 | Build | Lumber Camp |
| 15:00 | Queue | Archer |
| 15:09 | Build | House |
| 15:19 | Queue | Villager (Male) |
| 15:39 | Build | Watch Tower |
| 15:48 | Queue | Archer |
| 16:08 | Queue | Villager (Male) |
| 16:14 | Research | Double-Bit Axe |
| 16:26 | Build | Palisade Wall |
| 17:03 | Queue | Villager (Male) |
| 17:04 | Build | Farm |
| 17:18 | Queue | Villager (Male) |
| 17:41 | Build | Blacksmith |
| 17:43 | Queue | Villager (Male) |
| 17:57 | Build | House |
| 18:05 | Build | Mining Camp |
| 18:17 | Queue | Villager (Male) |
| 18:25 | Build | House |
| 18:26 | Research | Fletching |
| 18:29 | Queue | Villager (Male) |
| 18:33 | Build | Farm |
| 18:37 | Build | Stone Wall |
| 18:38 | Build | Stone Wall |
| 18:39 | Build | Stone Wall |
| 18:59 | Build | Outpost |
| 19:09 | Queue | Villager (Male) |
| 19:13 | Build | Lumber Camp |
| 19:15 | Queue | Villager (Male) |
| 19:18 | Build | House |
| 19:28 | Build | House |
| 19:48 | Build | Watch Tower |
| 19:58 | Queue | Villager (Male) |
| 20:27 | Build | Farm |
| 20:27 | Build | Farm |
| 20:28 | Queue | Villager (Male) |
| 20:33 | Queue | Villager (Male) |
| 20:49 | Build | Watch Tower |
| 21:23 | Build | Watch Tower |
| 21:32 | Queue | Villager (Male) |
| 21:34 | Build | Market |
| 21:36 | Queue | Villager (Male) |
| 21:49 | Build | Outpost |
| 22:18 | Build | House |
| 22:22 | Build | Farm |
| 22:24 | Queue | Villager (Male) |
| 22:53 | Build | Farm |
| 22:54 | Queue | Villager (Male) |
| 23:24 | Build | Watch Tower |
| 23:31 | Build | Stone Wall |
| 23:32 | Build | Palisade Wall |
| 23:45 | Build | Stone Wall |
| 23:45 | Build | Stone Wall |
| 23:53 | Research | Castle Age |
| 23:53 | Research | Castle Age |
| 24:14 | Build | House |
| 24:27 | Research | Stone Mining |
| 25:15 | Build | Watch Tower |
| 26:22 | Build | Farm |
| 26:22 | Build | Farm |
| 26:24 | Research | Horse Collar |
| 26:27 | Build | Farm |
| 26:28 | Build | Farm |
| 26:30 | Queue | Villager (Male) |
| 26:33 | Age | Castle Age |
| 26:49 | Build | Watch Tower |
| 26:57 | Research | Bodkin Arrow |
| 26:59 | Queue | Villager (Male) |
| 27:03 | Build | University |
| 27:07 | Queue | Villager (Male) |
| 27:33 | Build | Watch Tower |
| 27:43 | Build | Town Center |
| 27:46 | Research | Ballistics |
| 27:58 | Research | Wheelbarrow |
| 28:39 | Build | Watch Tower |
| 28:49 | Queue | Villager (Male) |
| 28:59 | Build | Siege Workshop |
| 29:17 | Research | Town Watch |
| 29:23 | Queue | Villager (Male) |
| 29:39 | Build | Mill |
Build order — maxwell's demon
143 actions detected in the replay
| 0:01 | Queue | Villager (Male) |
| 0:01 | Queue | Villager (Male) |
| 0:02 | Build | House |
| 0:03 | Build | House |
| 0:25 | Queue | Villager (Male) |
| 0:32 | Queue | Villager (Male) |
| 1:25 | Queue | Villager (Male) |
| 1:25 | Queue | Villager (Male) |
| 2:05 | Build | Lumber Camp |
| 2:09 | Queue | Villager (Male) |
| 2:22 | Queue | Villager (Male) |
| 2:23 | Queue | Villager (Male) |
| 2:44 | Queue | Villager (Male) |
| 2:44 | Queue | Villager (Male) |
| 3:21 | Queue | Villager (Male) |
| 3:21 | Queue | Villager (Male) |
| 3:41 | Queue | Villager (Male) |
| 3:51 | Build | House |
| 3:57 | Queue | Villager (Male) |
| 4:15 | Queue | Villager (Male) |
| 5:06 | Queue | Villager (Male) |
| 5:13 | Build | Barracks |
| 5:34 | Research | Loom |
| 5:36 | Build | House |
| 5:38 | Build | Palisade Wall |
| 6:35 | Research | Feudal Age |
| 7:05 | Build | House |
| 7:08 | Build | Palisade Wall |
| 7:14 | Queue | Militia |
| 7:14 | Queue | Militia |
| 7:23 | Build | Mining Camp |
| 7:44 | Queue | Militia |
| 7:56 | Build | Mill |
| 8:09 | Queue | Militia |
| 8:45 | Age | Feudal Age |
| 8:49 | Queue | Villager (Male) |
| 9:28 | Research | Man-at-Arms (upgrade) |
| 9:37 | Build | Farm |
| 9:38 | Build | Farm |
| 9:39 | Build | Farm |
| 10:00 | Build | Farm |
| 10:03 | Queue | Villager (Male) |
| 10:03 | Queue | Villager (Male) |
| 10:29 | Queue | Villager (Male) |
| 10:29 | Queue | Villager (Male) |
| 10:31 | Build | Farm |
| 10:52 | Build | Palisade Wall |
| 10:54 | Queue | Villager (Male) |
| 10:54 | Queue | Villager (Male) |
| 10:56 | Build | Farm |
| 11:07 | Build | Palisade Wall |
| 11:19 | Queue | Villager (Male) |
| 11:19 | Queue | Villager (Male) |
| 11:50 | Queue | Villager (Male) |
| 11:50 | Queue | Villager (Male) |
| 12:00 | Build | Palisade Wall |
| 12:26 | Build | Lumber Camp |
| 12:32 | Build | Palisade Wall |
| 12:34 | Build | Palisade Wall |
| 12:40 | Queue | Villager (Male) |
| 12:40 | Queue | Villager (Male) |
| 12:47 | Queue | Villager (Male) |
| 12:48 | Queue | Villager (Male) |
| 13:39 | Build | Farm |
| 13:45 | Queue | Villager (Male) |
| 13:45 | Queue | Villager (Male) |
| 13:56 | Build | Farm |
| 14:04 | Build | House |
| 14:07 | Build | Palisade Wall |
| 14:27 | Build | Archery Range |
| 14:58 | Build | Farm |
| 15:06 | Build | Farm |
| 15:09 | Queue | Villager (Male) |
| 15:09 | Queue | Villager (Male) |
| 15:23 | Queue | Skirmisher |
| 15:24 | Queue | Skirmisher |
| 15:39 | Queue | Skirmisher |
| 15:39 | Queue | Skirmisher |
| 15:43 | Queue | Villager (Male) |
| 15:55 | Queue | Skirmisher |
| 15:59 | Build | Farm |
| 16:07 | Build | House |
| 16:11 | Build | House |
| 16:20 | Build | House |
| 16:22 | Build | House |
| 16:28 | Queue | Villager (Male) |
| 16:59 | Queue | Villager (Male) |
| 17:11 | Queue | Villager (Male) |
| 17:11 | Queue | Villager (Male) |
| 17:24 | Queue | Skirmisher |
| 17:24 | Queue | Skirmisher |
| 17:30 | Queue | Villager (Male) |
| 17:39 | Queue | Skirmisher |
| 18:05 | Build | House |
| 18:38 | Build | Palisade Wall |
| 18:41 | Build | Lumber Camp |
| 18:56 | Queue | Villager (Male) |
| 18:57 | Queue | Villager (Male) |
| 18:59 | Build | House |
| 19:09 | Build | House |
| 19:19 | Queue | Villager (Male) |
| 19:43 | Queue | Villager (Male) |
| 19:50 | Queue | Archer |
| 19:50 | Queue | Archer |
| 20:17 | Queue | Villager (Male) |
| 20:24 | Build | Blacksmith |
| 20:28 | Queue | Archer |
| 20:39 | Queue | Villager (Male) |
| 21:10 | Build | Lumber Camp |
| 21:17 | Build | Lumber Camp |
| 21:25 | Queue | Villager (Male) |
| 21:50 | Build | House |
| 22:04 | Research | Castle Age |
| 22:08 | Build | House |
| 22:16 | Build | Palisade Wall |
| 22:33 | Build | Market |
| 22:37 | Research | Fletching |
| 22:50 | Build | Mining Camp |
| 23:03 | Queue | Archer |
| 23:03 | Queue | Archer |
| 23:03 | Queue | Archer |
| 23:07 | Build | House |
| 23:33 | Queue | Archer |
| 23:42 | Queue | Villager (Male) |
| 23:52 | Queue | Villager (Male) |
| 24:44 | Age | Castle Age |
| 24:44 | Queue | Villager (Male) |
| 24:56 | Research | Crossbowman (upgrade) |
| 25:08 | Queue | Villager (Male) |
| 25:23 | Build | Castle |
| 25:55 | Queue | Villager (Male) |
| 25:59 | Build | House |
| 26:08 | Build | Farm |
| 26:08 | Build | Farm |
| 26:26 | Queue | Gbeto |
| 26:26 | Queue | Gbeto |
| 26:26 | Queue | Gbeto |
| 27:25 | Queue | Gbeto |
| 27:59 | Build | Siege Workshop |
| 28:49 | Queue | Villager (Male) |
| 28:49 | Queue | Villager (Male) |
| 29:32 | Queue | Battering Ram |
| 29:32 | Queue | Battering Ram |
Match timeline
| 5:13 | maxwell's demon · first_building Barracks |
| 5:38 | maxwell's demon · wall_segment Palisade Wall x1 |
| 6:48 | Telo Bombeo · first_building Barracks |
| 7:08 | maxwell's demon · wall_segment Palisade Wall x5 |
| 8:45 | maxwell's demon · age_up feudal |
| 9:55 | Telo Bombeo · age_up feudal |
| 10:43 | Telo Bombeo · first_building Archery Range |
| 10:52 | maxwell's demon · wall_segment Palisade Wall x8 |
| 11:07 | maxwell's demon · wall_segment Palisade Wall x1 |
| 12:00 | maxwell's demon · wall_segment Palisade Wall x3 |
| 12:32 | maxwell's demon · wall_segment Palisade Wall x1 |
| 12:34 | maxwell's demon · wall_segment Palisade Wall x1 |
| 14:07 | maxwell's demon · wall_segment Palisade Wall x1 |
| 14:22 | Telo Bombeo · wall_segment Palisade Wall x1 |
| 14:27 | maxwell's demon · first_building Archery Range |
| 16:26 | Telo Bombeo · wall_segment Palisade Wall x1 |
| 18:37 | Telo Bombeo · wall_segment Stone Wall x1 |
| 18:38 | maxwell's demon · wall_segment Palisade Wall x1 |
| 18:38 | Telo Bombeo · wall_segment Stone Wall x1 |
| 18:39 | Telo Bombeo · wall_segment Stone Wall x1 |
| 22:16 | maxwell's demon · wall_segment Palisade Wall x1 |
| 22:46 | Telo Bombeo · first_market_buy 100 food |
| 22:47 | Telo Bombeo · first_market_sell 100 stone |
| 23:31 | Telo Bombeo · wall_segment Stone Wall x1 |
| 23:32 | Telo Bombeo · wall_segment Palisade Wall x1 |
| 23:45 | Telo Bombeo · wall_segment Stone Wall x1 |
| 23:45 | Telo Bombeo · wall_segment Stone Wall x1 |
| 24:43 | maxwell's demon · first_market_buy 100 wood |
| 24:44 | maxwell's demon · age_up castle |
| 25:23 | maxwell's demon · first_building Castle |
| 26:05 | maxwell's demon · first_market_sell 100 stone |
| 26:33 | Telo Bombeo · age_up castle |
| 27:59 | maxwell's demon · first_building Siege Workshop |
| 28:59 | Telo Bombeo · first_building Siege Workshop |
| 29:47 | maxwell's demon · resign |
[ AI ANALYSIS · 1 CREDIT ]
What really happened in this match?
Wolo.gg analyzes every decision: build order, eco, micro, common mistakes by bracket. Personalized analysis on WhatsApp or Discord in 30 seconds.
Civ guide
Koreans
Perfil
Telo Bombeo